 Dungeon Crawl Stone Soup version 0.31-a0-1-g4198be8af4 (webtiles) character file.

Game seed: 8437169038367162972

42 retardedninja the Firebug (level 3, -2/25 HPs)
             Began as a Gnoll Fire Elementalist on May 2, 2023.
             Killed from afar by Ijyb (15 damage)
             ... with an iceblast
             ... on level 2 of the Dungeon.
             The game lasted 00:02:11 (1683 turns).

retardedninja the Firebug (Gnoll Fire Elementalist) Turns: 1683, Time: 00:02:12

Health: -2/25      AC:  2    Str:  7    XL:     3   Next: 56%
Magic:  3/9        EV: 28    Int: 16    God:
Gold:   105        SH:  0    Dex: 12    Spells: 9/12 levels left

rFire   . . .        i - +0 spear
rCold   . . .        (no shield)
rNeg    . . .        a - +0 robe
rPois   .            (no helmet)
rElec   .            (no cloak)
rCorr   .            (no gloves)
SInv    .            (no boots)
Will    .....        c - amulet of the acrobat
Stlth   ++           (no ring)
HPRegen 0.24/turn    (no ring)
MPRegen 0.11/turn

%: acrobat
@: acrobatic
A: fangs 1, strong nose, distributed training
a: no special abilities


You were on level 2 of the Dungeon.
You visited 1 branch of the dungeon, and saw 2 of its levels.

You collected 105 gold pieces.

Inventory:

Hand Weapons
 e - a +0 flail
 i - a +0 spear (weapon)
Armour
 a - a +0 robe (worn)
Jewellery
 c - an amulet of the acrobat (around neck)
 h - a ring of ice
Scrolls
 f - a scroll of silence {unknown}
 j - a scroll of amnesia {unknown}
 k - 2 scrolls of enchant weapon {unknown}
 l - a scroll of fog {unknown}
Potions
 b - a potion of magic
 d - a potion of flight {unknown}
 g - 2 potions of curing {unknown}


   Skills:
 + Level 0.9 Fighting
 + Level 0.9 Short Blades
 + Level 0.9 Long Blades
 + Level 0.9 Axes
 + Level 0.9 Maces & Flails
 + Level 0.9 Polearms
 + Level 0.9 Staves
 + Level 0.9 Ranged Weapons
 + Level 0.9 Throwing
 + Level 0.9 Armour
 + Level 4.5 Dodging
 + Level 4.2 Stealth
 + Level 0.9 Shields
 + Level 0.9 Unarmed Combat
 + Level 5.0 Spellcasting
 + Level 2.1 Conjurations
 + Level 0.6 Hexes
 + Level 0.6 Summonings
 + Level 0.6 Necromancy
 + Level 0.6 Translocations
 + Level 0.6 Transmutations
 + Level 5.4 Fire Magic
 + Level 0.6 Ice Magic
 + Level 0.6 Air Magic
 + Level 0.6 Earth Magic
 + Level 0.6 Poison Magic
 + Level 1.0 Invocations
 + Level 0.9 Evocations


You had 9 spell levels left.
You knew the following spells:

 Your Spells              Type           Power      Damage    Failure   Level
a - Foxfire               Conj/Fire      64%        2x1d7     3%          1
b - Scorch                Fire           42%        2d6       2%          2

Your spell library contained the following spells:

 Spells                   Type           Power      Damage    Failure   Level
 Inner Flame              Hex/Fire       13%        N/A       13%         3
 Volatile Blastmotes      Fire/Tloc      26%        2d12      13%         3
 Flame Wave               Conj/Fire      16%        2d7       32%         4


Dungeon Overview and Level Annotations

Branches:
Dungeon (2/15)

Altars:

Annotations:
D:2 Ijyb


Innate Abilities, Weirdness & Mutations

You have very sharp teeth.
Your uncanny sense of smell can sniff out nearby items.
Your experience applies equally to all skills.


Message History

l - a scroll labelled EVYANI RYHOQ You now have 105 gold pieces (gained 6). 2 goblins come into view.
There are monsters nearby!
There are monsters nearby!
There are monsters nearby!
You conjure some foxfire!
You conjure some foxfire!
The goblin shouts! x2; You hear a shout! x2
The foxfire hits the goblin!
You kill the goblin!
Your foxfire dissipates!
A goblin comes into view. It is wielding a +0 dagger.
You conjure some foxfire!
The foxfire hits the goblin.
The goblin is severely wounded.
The foxfire hits the goblin!
You kill the goblin!
The foxfire hits the goblin.
The goblin is severely wounded.
You conjure some foxfire!
The foxfire hits the goblin.
You kill the goblin!
A goblin comes into view. It is wielding a +0 dagger.
You conjure some foxfire!
The foxfire hits the goblin.
You kill the goblin!
Your foxfire dissipates!
Ijyb the Twisted Goblin comes into view.
She is wielding a +0 club and carrying a wand of iceblast (12).
Ijyb is nearby!
Ijyb is nearby!
You conjure some foxfire!
The foxfire hits Ijyb.
Ijyb is lightly wounded.
A goblin comes into view. It is wielding a +0 club.
You conjure some foxfire!
The foxfire hits Ijyb.
Ijyb is lightly wounded.
The foxfire hits Ijyb but does no damage.
Ijyb is lightly wounded.
Ijyb zaps a wand.
The mass of ice explodes!
The iceblast engulfs your foxfire. The iceblast engulfs you!
The iceblast engulfs your foxfire!
The foxfire hits Ijyb.
Ijyb is lightly wounded.
Ijyb zaps a wand.
The mass of ice explodes!
The iceblast engulfs you!
Ouch! That really hurt!
You die...

###.##
#<...††......# #.#
.....#
#.....#####..#
####.#
###..####<#### ...
..##.# #..##.#.# #.#
#.##.# #..#....##
#.# #.##.#
#........# #.#
#.##.#
#..##############.#
#.##.# #..#
8.8.8......####.##.#
##.#
).g)§§§@...........#
#.#∆
..g.§..#######.#####
#.# ....... #.#
#.#∆∆ ..).... #.# ∆
#.# )...... ..# #.#
8.8.8.. #.# #####.#
#.# #. ..#


You could see Ijyb and a goblin.

Vanquished Creatures
  An adder (D:2)
  2 ball pythons (D:1)
  3 endoplasms (D:1)
  2 giant cockroaches (D:1)
  7 goblins
  2 hobgoblins
  3 quokkas
  4 bats
  3 frilled lizards (D:1)
  3 rats (D:1)
30 creatures vanquished.

Vanquished Creatures (collateral kills)
  A foxfire (D:1)
1 creature vanquished.

Vanquished Creatures (others)
  125 foxfires
125 creatures vanquished.

Grand Total: 156 creatures vanquished

Notes
Turn   | Place    | Note
-------+----------+-------------------------------------------
     0 | D:1      | retardedninja the Gnoll Fire Elementalist began the quest
                  | for the Orb.
     0 | D:1      | Reached XP level 1. HP: 13/13 MP: 6/6
   191 | D:1      | Reached XP level 2. HP: 19/19 MP: 3/7
   503 | D:1      | Found a faded altar of an unknown god.
  1288 | D:1      | Reached skill level 5 in Spellcasting
  1288 | D:1      | Reached XP level 3. HP: 24/25 MP: 4/9
  1435 | D:2      | Reached skill level 1 in Invocations
  1443 | D:2      | Learned a level 2 spell: Scorch
  1679 | D:2      | Noticed Ijyb
  1683 | D:2      | Killed from afar by Ijyb

Illustrated notes

Levels and vault maps discovered:
D:1:      dpeg_arrival_subterranean_lakeside_camping, layout_basic,
          shapermc_ecumenical_altar_mp_ritualfount, serial_aquarium,
          aquarium_bridge_square [aquarium_subvault_window,
          aquarium_subvault_bridge, aquarium_subvault_window,
          aquarium_subvault_balcony], aquarium_window_corridor_3,
          aquarium_window_double, aquarium_view_2c, aquarium_balcony_3a
D:2:      kennysheep_the_goblin_king, layout_loops_ring,
          minmay_misc_feat_four_crosses

Skill      XL: |  1  2  3 |
---------------+----------+-----
Conjurations   | 2 |  2.1
Spellcasting   | 5 |  5.0
Invocations    | 1 |  1.0
Fighting       | |  0.9
Short Blades   | |  0.9
Long Blades    | |  0.9
Axes           | |  0.9
Maces & Flails | |  0.9
Polearms       | |  0.9
Staves         | |  0.9
Ranged Weapons | |  0.9
Throwing       | |  0.9
Armour         | |  0.9
Dodging        | |  4.5
Stealth        | |  4.2
Shields        | |  0.9
Unarmed Combat | |  0.9
Hexes          | |  0.6
Summonings     | |  0.6
Necromancy     | |  0.6
Translocations | |  0.6
Transmutations | |  0.6
Fire Magic     | |  5.4
Ice Magic      | |  0.6
Air Magic      | |  0.6
Earth Magic    | |  0.6
Poison Magic   | |  0.6
Evocations     | |  0.9

Action                     || total
---------------------------++-------
  Melee: Spear             ||     2
         Flail             ||     1
   Cast: Foxfire           ||    81
 Armour: Robe              ||     6
  Dodge: Dodged            ||    19

Table legend: (Time is in decaauts)
 A = Elapsed time spent in this place.
 B = Non-inter-level travel time spent in this place.
 C = Inter-level travel time spent in this place.
 D = Time resting spent in this place.
 E = Time spent auto-exploring this place.
 F = Levels seen in this place.
 G = Mean time per level.
                   A        B        C        D        E       F      G
               +--------+--------+--------+--------+--------+-----+--------+
         Total |   1687 |   1645 |     42 |      0 |   1396 |   2 |  843.5 |
       Dungeon |   1687 |   1645 |     42 |      0 |   1396 |   2 |  843.5 |
               +--------+--------+--------+--------+--------+-----+--------+

Top non-repeatable levels by time:
     D:1: 1401 daAuts
     D:2: 285 daAuts
